 Dungeon Crawl Stone Soup version 0.28.0-43-g3370ac3207 (webtiles) character file.

Game seed: 1743571187430123935

52 tizbic2 the Magician (level 3, -1/24 HPs)
             Began as a Demonspawn Hedge Wizard on Mar 8, 2022.
             Succumbed to an adder's poison
             ... on level 2 of the Dungeon.
             The game lasted 00:10:36 (3039 turns).

tizbic2 the Magician (Demonspawn Hedge Wizard)      Turns: 3039, Time: 00:10:37

Health: -1/24      AC:  5    Str: 12    XL:     3   Next: 60%
Magic:  7/7        EV: 11    Int: 15    God:
Gold:   69         SH:  0    Dex: 14    Spells: 6/8 levels left

rFire   . . .      SeeInvis .   b - staff of cold
rCold   + . .      Faith    .   (no shield)
rNeg    . . .      Spirit   .   h - +0 ring mail
rPois   .          Reflect  .   c - +0 hat
rElec   .          Harm     .   (no cloak)
rCorr   .          Rampage  .   (no gloves)
Will    .....                   (no boots)
Stlth   ++........              (no amulet)
HPRegen 0.08/turn               (no ring)
MPRegen 0.10/turn               (no ring)

@: lethally poisoned (-1 -> -8)
A: thin skeletal structure 1, powered by pain 1
a: no special abilities


You were on level 2 of the Dungeon.
You visited 1 branch of the dungeon, and saw 2 of its levels.

You collected 69 gold pieces.

Inventory:

Hand Weapons
 a - a +0 dagger
Missiles
 g - 23 stones
 l - 5 poisoned darts
Armour
 c - a +0 hat (worn)
 h - a +0 ring mail (worn)
Magical Staves
 b - a staff of cold (weapon)
Scrolls
 d - a scroll of fear {unknown}
 e - 2 scrolls of enchant weapon {unknown}
 f - a scroll of teleportation
 i - a scroll of vulnerability {unknown}
 k - a scroll of blinking {unknown}


   Skills:
 * Level 0.9 Staves
 + Level 0.6 Armour
 + Level 2.2 Dodging
 - Level 1.7 Stealth
 + Level 1.1 Unarmed Combat
 - Level 3.0 Spellcasting
 - Level 1.0 Conjurations
 - Level 1.0 Summonings
 - Level 0.8 Translocations
 * Level 1.1 Ice Magic
 + Level 0.6 Evocations


You had 6 spell levels left.
You knew the following spells:

 Your Spells              Type           Power      Damage    Failure   Level
a - Magic Dart            Conj           20%        1d4       30%         1
b - Slow                  Hex            8%         N/A       41%         1

Your spell library contained the following spells:

 Spells                   Type           Power      Damage    Failure   Level
 Call Imp                 Summ           5%         N/A       41%         2
 Blink                    Tloc           8%         N/A       43%         2
 Conjure Flame            Conj/Fire      3%         6-21      73%         3
 Mephitic Cloud           Conj/Pois/Air  3%         N/A       75%         3


Dungeon Overview and Level Annotations

Branches:
Dungeon (2/15)

Altars:
Elyvilon


Innate Abilities, Weirdness & Mutations

You have a somewhat thin skeletal structure. (Dex +2, Stealth+)
You sometimes gain a little power by taking damage.


Message History

The adder closely misses you. The adder bites you.
You closely miss the adder.
The adder is heavily wounded.
The adder misses you. The adder bites you.
You are poisoned.
The adder poisons you!
You hit the adder.
The adder is heavily wounded.
You feel sick. The adder bites you.
You are more poisoned.
The adder poisons you!
You miss the adder.
The adder is heavily wounded.
You feel very sick. The adder misses you. The adder barely misses you.
You hit the adder.
The adder is severely wounded.
You feel sick. The adder closely misses you.
You barely miss the adder.
The adder is severely wounded.
You feel sick. The adder bites you but does no damage.
The adder barely misses you.
You hit the adder but do no damage.
The adder is severely wounded.
You feel sick. The adder closely misses you.
You barely miss the adder.
The adder is severely wounded.
You feel sick. The adder barely misses you. The adder completely misses you.
You closely miss the adder.
The adder is severely wounded.
You feel sick. The adder bites you.
* * * LOW HITPOINT WARNING * * *
You are lethally poisoned!
The adder poisons you! The adder closely misses you.
You hit the adder.
You kill the adder!
* * * LOW HITPOINT WARNING * * *
You feel sick.
It was a potion of cancellation.
You feel magically purged.
You die...

##...# # #....# #### #
#...<### ...# ###.
##...)..#
##.#####...##.<#..###
##............##..#
..........#.......# ##
.######.....####.## ...
.# #......# #@# ....
#######....#.# #.##....
#........#.###.#.....
###.#...####..).........
..............##........
###...######.....##.....
###.#.# #..##.# .....
#.(...# #..##.# ####
#.#.#.### #...#.#


There were no monsters in sight!

Vanquished Creatures
  A hound skeleton (D:2)
  An adder (D:2)
  2 worms (D:2)
  4 endoplasms
  A giant cockroach (D:1)
  2 goblins (D:1)
  3 hobgoblins (D:1)
  3 kobolds (D:2)
  3 ball pythons
  A frilled lizard (D:2)
  3 rats
24 creatures vanquished.

Vanquished Creatures (others)
  4 toadstools (D:1)
4 creatures vanquished.

Grand Total: 28 creatures vanquished

Notes
Turn   | Place    | Note
-------+----------+-------------------------------------------
     0 | D:1      | tizbic2 the Demonspawn Hedge Wizard began the quest for the
                  | Orb.
     0 | D:1      | Reached XP level 1. HP: 13/13 MP: 4/4
   382 | D:1      | Learned a level 1 spell: Slow
   964 | D:1      | Gained mutation: You sometimes gain a little power by
                  | taking damage. [demonic ancestry]
   964 | D:1      | Reached XP level 2. HP: 17/19 MP: 6/6
  1978 | D:2      | Reached skill level 1 in Unarmed Combat
  1978 | D:2      | Gained mutation: You have a somewhat thin skeletal
                  | structure. (Dex +2, Stealth+) [demonic ancestry]
  1978 | D:2      | Reached XP level 3. HP: 14/24 MP: 7/7
  2912 | D:2      | Reached skill level 1 in Ice Magic
  3038 | D:2      | HP: 1/24 [poisoned by an adder]
  3039 | D:2      | Succumbed to an adder's poison

Illustrated notes

Levels and vault maps discovered:
D:1:      ldierk_walled_garden_2, layout_basic, serial_rivers,
          chequers_serial_rivers_room_b, chequers_serial_rivers_large_b,
          chequers_serial_rivers_room_b, chequers_serial_rivers_small_3,
          chequers_serial_rivers_small_3, kennysheep_small_spiral
D:2:      layout_rooms, basic_altar

Skill      XL: |  1  2  3 |
---------------+----------+-----
Dodging        | 2 |  2.2
Unarmed Combat | 1 |  1.1
Ice Magic      | 1 |  1.1
Staves         | |  0.9
Armour         | |  0.6
Stealth        | |  1.7
Spellcasting   | |  3.0
Conjurations   | |  1.0
Summonings     | |  1.0
Translocations | |  0.8
Evocations     | |  0.6

Action                   || total
-------------------------++-------
Melee: Unarmed           ||    17
       Staff             ||   115
       Dagger            ||     5
       Punch             ||     3
 Cast: Magic Dart        ||     7
  Use: Scroll            ||     1
       Potion            ||     1
 Stab: Sleeping          ||     4
Armor: Robe              ||     6
       Leather armour    ||     6
       Ring mail         ||    22
Dodge: Dodged            ||    79
